 Dungeon Crawl Stone Soup version 0.24-a0-446-g87df7205b4 (webtiles) character file.

Game seed: 14298427928110965318

1597 Ijustatesigmund the Fighter (level 8, -5/93 HPs)
             Began as an Ogre Hunter on June 24, 2019.
             Slain by a gnoll sergeant
             ... wielding a +0 spear
              (11 damage)
             ... on level 6 of the Dungeon.
             The game lasted 00:11:00 (7329 turns).

Ijustatesigmund the Fighter (Ogre Hunter)           Turns: 7329, Time: 00:11:00

Health: -5/93      AC:  3    Str: 17    XL:     8   Next: 93%
Magic:  8/8        EV: 11    Int: 12    God:
Gold:   328        SH:  0    Dex: 11    Spells: 7/7 levels left

rFire    + . .     SeeInvis +   a - +1 morningstar (crush)
rCold    + + .     Gourm    .   (no shield)
rNeg     . . .     Faith    .   b - +0 robe {rC+}
rPois    +         Spirit   .   (helmet restricted)
rElec    +         Reflect  .   (no cloak)
rCorr    +         Harm     .   (gloves unavailable)
MR       .....                  (boots unavailable)
Stlth    +.........             n - amulet of regeneration
HPRegen  0.65/turn              m - ring of see invisible
MPRegen  0.11/turn              (no ring)

@: resistant
A: large, unfitting armour, tough skin 1
a: no special abilities


You were on level 6 of the Dungeon.
You were not hungry.

You visited 1 branch of the dungeon, and saw 6 of its levels.

You collected 328 gold pieces.

Inventory:

Hand Weapons
 a - a +1 morningstar of crushing (weapon)
Missiles
 c - 5 large rocks (quivered)
 e - 46 poisoned darts
Armour
 b - a +0 robe of cold resistance (worn)
Jewellery
 m - a ring of see invisible (left hand)
 n - an amulet of regeneration (around neck)
Wands
 i - a wand of flame (14)
 k - a wand of iceblast (6)
Scrolls
 g - 4 scrolls of remove curse
 l - 4 scrolls of identify
Potions
 h - 2 potions of flight
Comestibles
 f - 10 rations
 o - 4 chunks of flesh


   Skills:
 + Level 9.8 Fighting
 + Level 5.9 Maces & Flails
 - Level 4.0 Throwing
 + Level 4.5 Dodging
 - Level 0.6 Stealth


You had 7 spell levels left.
You didn't know any spells.
Your spell library was empty.

Dungeon Overview and Level Annotations

Branches:
Dungeon (6/15)
 Temple: D:4-7

Altars:


Innate Abilities, Weirdness & Mutations

You are too large for most types of armour.
You have tough skin. (AC +1)


Message History

You hit the ice beast.
The ice beast is moderately wounded.
You feel sick.
The gnoll hits you from afar with a +0 halberd.
* * * LOW HITPOINT WARNING * * *
The ice beast closely misses you.
The gnoll sergeant hits you from afar with a +0 spear.
* * * LOW HITPOINT WARNING * * *
Quiver which item? (- for none, * to show all) (? for menu, Esc to quit)
Okay, then.
You feel better.
The gnoll hits you from afar with a +0 halberd!
* * * LOW HITPOINT WARNING * * *
The ice beast barely misses you.
The gnoll sergeant hits you from afar with a +0 spear!
* * * LOW HITPOINT WARNING * * *
Evoke which item? (* to show all) (? for menu, Esc to quit)
Okay, then.
The gnoll sergeant hits you from afar with a +0 spear!
You die...

.............# #.##.#
......)......# #.#..#
)...g..†g....######....#
.#####.#.##......##.##.#
#$Z#g##......##.##.#
...##g##.......#.##.#
.#####.g..#####.......
#. #Y..### ###..##.# #.
##@.## #...###.# #.
#...# ##...# #.# .#
#.#.# #..### #.#
.####.#.# ###..# #.#
.....#.# #....# #.#
#..###.# #.##.# #.# #..#
#.## #.##.# #.#
###.###..###.##.# #.#
####..<..##.##.(...# #..


You could see an ice beast, a gnoll sergeant and 3 gnolls.

Vanquished Creatures
  Pikel (D:5)
  2 sky beasts (D:5)
  An ogre (D:5)
  2 centaurs (D:5)
  A scorpion (D:4)
  A crimson imp (D:6)
  An orc priest (D:4)
  2 hounds
  7 orc wizards
  2 iguanas
  A worker ant (D:6)
  Ijyb (D:3)
  2 worker ant zombies (D:5)
  A gnoll (D:6)
  10 adders
  A worm (D:2)
  2 dart slugs
  3 leopard geckos
  23 orcs
  6 bats
  9 giant cockroaches
  11 goblins
  11 hobgoblins
  5 jackals
  10 kobolds
  2 quokkas
  A ball python (D:1)
  A ball python zombie (D:5)
  5 frilled lizards
  A quokka zombie (D:6)
  6 rats
132 creatures vanquished.

Vanquished Creatures (others)
  A slave (D:5)
  An adder (D:5)
2 creatures vanquished.

Grand Total: 134 creatures vanquished

Notes
Turn   | Place    | Note
-------+----------+-------------------------------------------
     0 | D:1      | Ijustatesigmund the Ogre Hunter began the quest for the
                  | Orb.
     0 | D:1      | Reached XP level 1. HP: 22/22 MP: 1/1
    52 | D:1      | Reached skill level 3 in Fighting
    82 | D:1      | Reached XP level 2. HP: 29/31 MP: 2/2
   150 | D:1      | Reached skill level 4 in Fighting
   359 | D:1      | Reached XP level 3. HP: 36/40 MP: 3/3
  1047 | D:2      | Reached skill level 5 in Fighting
  1071 | D:2      | HP: 2/42 [poisoned by an adder]
  1611 | D:2      | Reached skill level 1 in Maces & Flails
  1613 | D:2      | Reached XP level 4. HP: 41/50 MP: 4/4
  2298 | D:3      | Reached XP level 5. HP: 26/59 MP: 5/5
  2301 | D:3      | Reached skill level 6 in Fighting
  2594 | D:3      | Noticed Ijyb
  2611 | D:3      | Killed Ijyb
  3773 | D:4      | Reached XP level 6. HP: 50/68 MP: 6/6
  4583 | D:3      | Reached skill level 7 in Fighting
  4906 | D:4      | HP: 2/106 [orc priest/divine providence (10)]
  4908 | D:4      | Reached XP level 7. HP: 3/78 MP: 7/7
  5564 | D:5      | Entered Level 5 of the Dungeon
  5727 | D:5      | Reached skill level 8 in Fighting
  6143 | D:5      | Reached XP level 8. HP: 50/89 MP: 8/8
  6457 | D:5      | Noticed Pikel
  6478 | D:5      | Killed Pikel
  6478 | D:5      | Reached skill level 9 in Fighting
  6478 | D:5      | Reached skill level 5 in Maces & Flails
  7325 | D:6      | HP: 3/93 [gnoll sergeant/+0 spear (7)]
  7329 | D:6      | Slain by a gnoll sergeant

Levels and vault maps discovered:
D:1:      minmay_arrival_open_corners, layout_basic
D:2:      layout_loops_ring, first_ration
D:3:      layout_rooms, chequers_decorated_corner, uniq_ijyb
D:4:      layout_rooms
D:5:      layout_basic, st_stairs_7, uniq_pikel
D:6:      layout_rooms, nrook_campfire

Skill      XL: |  1  2  3  4  5  6  7  8 |
---------------+-------------------------+-----
Fighting       | 3 4 5 6 7 8 9 |  9.8
Maces & Flails | 1 2 3 4 5 |  5.9
Dodging        | 3 4 |  4.5
Throwing       | |  4.0
Stealth        | |  0.6

Action                   |  1- 3 |  4- 6 |  7- 9 || total
-------------------------+-------+-------+-------++-------
Melee: Short sword       |    85 |       |       ||    85
       Whip              |    75 |    51 |       ||   126
       Mace              |       |    29 |       ||    29
       Flail             |       |   174 |     2 ||   176
       Morningstar       |       |       |   122 ||   122
Throw: Large rock        |     3 |     2 |     2 ||     7
       Throwing net      |       |     5 |       ||     5
  Use: Scroll            |     5 |     2 |     4 ||    11
       Potion            |     1 |     7 |     3 ||    11
 Stab: Sleeping          |       |     1 |     1 ||     2
       Held in net/web   |       |     1 |       ||     1
  Eat: Chunk             |     2 |     5 |     4 ||    11
       Ration            |       |     2 |     1 ||     3
Armor: Robe              |    53 |    77 |    18 ||   148
       Skin              |       |    32 |     1 ||    33
Dodge: Dodged            |    97 |   188 |    61 ||   346

Table legend:
 A = Non-vault XP
 B = Vault XP
 C = Vault XP percentage of total XP
 D = Non-vault monster count
 E = Vault monster count
 F = Vault count percentage of total count
                 A         B        C        D         E       F
            +---------+---------+-------+---------+---------+-------
      Total |    1608 |     674 |  29.5 |     130 |       2 |   1.5
            +---------+---------+-------+---------+---------+-------
        D:1 |      45 |       0 |   0.0 |      29 |       0 |   0.0
        D:2 |     106 |       0 |   0.0 |      23 |       0 |   0.0
        D:3 |     154 |      33 |  17.6 |      30 |       1 |   3.2
        D:4 |     352 |       0 |   0.0 |      20 |       0 |   0.0
        D:5 |     786 |     641 |  44.9 |      19 |       1 |   5.0
        D:6 |     165 |       0 |   0.0 |       9 |       0 |   0.0
            +---------+---------+-------+---------+---------+-------
